Description

First build

Build Order

Get SALT Encoding   

  14  1:01  Supply Depot  
  16  1:02  Barracks  
  16  1:03  Marine  Marine Production
  16  1:04  Refinery  Explore with SCV
  19  1:05  Orbital Command  
  19  1:06  Barracks Reactor  
  19  1:07  Command Center  
  20  1:08  Supply Depot  
  21  1:09  Factory  
  21  1:10  Factory Tech Lab  
  22  1:11  Refinery  
  23  1:12  Bunker  
  23  1:13  Starport  @FACTORY finishes
  23  1:14  Viking  SCOUT
  23  1:15  Starport Reactor  
  23  1:16  Barracks  
  23  1:17  Barracks  
  23  1:18  Barracks  
  23  1:19  Barracks  
  23  1:20  Engineering Bay  
  23  1:21  Refinery  
  23  1:22  Refinery  
  23  1:23  Terran Infantry Weapons Level 1  
Spawning Tool Build Advisor. Get it on Overwolf

Go to:

Details

  • Created by: grubvoxgrggrasdasd
  • Published on: Jul 23, 2024
  • Modified on: Jul 23, 2024
  • Patch: 5.0.11
  • Difficulty: Easy
Show
View Real Time Build Order
Export as new Build Order

Comments (0)

There are no comments. Be the first!

Create an account to comment!